Cogmind - Beta 14 @@@ ROGUE MODE // 2024.08.09 @ 10:57:47 Player: PhenomPhear Result: Destroyed by Y-45 Defender with Heavy Assault Rifle Performance ------------- Evolutions (0) 0 Regions Visited (2) 400 Robots Destroyed (30) 150 Value Destroyed (593) 593 Prototype IDs (2) 40 Alien Tech Used (0) 0 Bonus (0) 0 TOTAL SCORE: 1183 Bonus ------- None Cogmind --------- Core Integrity 0/250 Matter 296/300 Energy 250/250 System Corruption 0% Temperature Cool (11) Movement Core (150) Ox2 Location -10/Mines Parts ------- > --- POWER (1) -------- Ion Engine > --- PROPULSION (2) --- (None) > --- UTILITY (2) ------ Targeting Computer > --- WEAPON (2) ------- Light Assault Rifle Heavy Assault Rifle > --- INVENTORY (5) ---- EM Pulse Gun Light Assault Rifle Light Assault Rifle Grenade Launcher Makeshift Hammer Peak State ------------ > --- POWER ------------ Light Ion Engine > --- PROPULSION ------- Light Treads Light Treads > --- UTILITY ---------- Small Storage Unit Large Storage Unit > --- WEAPON ----------- Assault Rifle Assault Rifle > --- INVENTORY -------- Ion Engine EM Pulse Gun [Rating: 7] Favorites ----------- Power Ion Engine Engine Ion Engine Propulsion Light Treads Treads Light Treads Utility High-capacity Storage Unit Storage High-capacity Storage Unit Processor Targeting Computer Protection Light Armor Plating Weapon Assault Rifle Ballistic Gun Assault Rifle Launcher Grenade Launcher Build | -11 -10 -10 ------- Run | Yrd Mat Min Slots Evolved . | . . . Power . | . . . Propulsion . | . . . Utility . | . . . Weapon . | . . . Parts Attached 22 | 6 10 6 Power 3 | 1 1 1 Engine 3 | 1 1 1 Core . | . . . Reactor . | . . . Propulsion 4 | 2 2 . Treads 4 | 2 2 . Leg . | . . . Wheel . | . . . Hover . | . . . Flight . | . . . Utility 6 | 1 5 . Device . | . . . Storage 3 | 1 2 . Processor 2 | . 2 . Hackware . | . . . Protection 1 | . 1 . Artifact . | . . . Weapon 9 | 2 2 5 Energy Gun . | . . . Energy Cannon . | . . . Ballistic Gun 8 | 2 1 5 Ballistic Cannon . | . . . Launcher 1 | . 1 . Special Weapon . | . . . Impact Weapon . | . . . Slashing Weapon . | . . . Piercing Weapon . | . . . Special Melee Weapon . | . . . Unidentified Prototypes . | . . . Parts Lost 7 | . 2 5 Power 2 | . 1 1 Propulsion 2 | . . 2 Utility 1 | . 1 . Weapon 2 | . . 2 Highest Loss Streak 2 | . 1 2 To Critical Strikes . | . . . Average Slot Usage (%) 88 | . 93 71 Engine 12 | . 12 12 Treads 23 | . 27 9 Storage 12 | . 14 6 Processor 10 | . 9 14 Ballistic Gun 26 | . 25 27 Launcher 1 | . 2 . Peak Build Rating 7 | 6 7 7 Average Rating 6 | 4 6 5 On Entrance 4 | . 6 7 Naked Turns . | . . . Heaviest Build 50 | 12 50 49 Greatest Support 40 | 40 40 40 Greatest Overweight (x) 2 | . 2 2 Average Overweight (x) 1 | . . 1 Largest Inventory Capacity 20 | 8 20 20 Average Capacity 17 | 6 19 11 Most Carried 8 | 2 6 8 Average Carried 4 | 1 4 5 Final Capacity 20 | 8 20 5 Final Carried 5 | 2 5 5 Class Distribution -------------------- 100% | Mutant Dominant Class ---------------- Mutant | -10/Materials Mutant | -10/Mines Resources | -11 -10 -10 ----------- Run | Yrd Mat Min Matter Collected 1005 | 188 720 97 Remotely . | . . . Salvage Created 853 | . 707 146 Parts 58 | . 47 11 Haulers Intercepted 2 | . 2 . Recyclers Shooed 2 | . 1 1 Parts Field Recycled . | . . . Retrieved Matter . | . . . Parts Self-Destructed . | . . . Prevented . | . . . Kills | -11 -10 -10 ------- Run | Yrd Mat Min Combat Hostiles Destroyed 20 | . 14 6 Guns 17 | . 11 6 AOE 3 | . 3 . Classes Destroyed 9 | . 8 1 Worker 4 | . 3 1 Hauler 2 | . 2 . Recycler 1 | . 1 . Operator 1 | . 1 . Watcher 2 | . 2 . Swarmer 8 | . 3 5 Grunt 10 | . 10 . Sentry 1 | . . 1 Subdweller 1 | . 1 . Best Kill Streak 7 | . 7 3 Combat Bots Only 3 | . 3 3 Max Kills in Single Turn 2 | . 2 1 Gunslinging . | . . . Exploded 1 | . 1 . Melee . | . . . Uniques/NPCs Destroyed . | . . . Combat | -11 -10 -10 -------- Run | Yrd Mat Min Hostile Shots Fired 144 | . 68 76 Missed 49 | . 24 25 Damage Taken 1021 | . 504 517 Core 258 | . 113 145 Absorbed by Shields . | . . . Core Remaining (%) 100 | 100 . . Volleys Fired 73 | . 53 20 Largest 2 | . 2 2 Hottest 43 | . 40 43 Shots Fired 134 | . 96 38 Gun 124 | . 86 38 Cannon . | . . . Launcher 10 | . 10 . Special . | . . . Kinetic 124 | . 86 38 Thermal . | . . . Explosive 10 | . 10 . Electromagnetic . | . . . Robot Hit Streak 12 | . 10 12 Robot Miss Streak 3 | . 3 2 Penetration Max . | . . . Secondary Targets 3 | . 2 1 Max Gunslinging Chain 1 | . 1 1 Shots Hit Robots 88 | . 60 28 Core Hits 51 | . 38 13 Critical Kills . | . . . Critical Parts Destroyed 1 | . 1 . Critical Strikes 1 | . 1 . Destroy 1 | . 1 . Melee Attacks . | . . . Impact . | . . . Slashing . | . . . Piercing . | . . . Sneak Attacks . | . . . Combat Hostiles . | . . . Follow-up Attacks . | . . . Damage Inflicted 1476 | . 1224 252 Guns 984 | . 732 252 Cannons . | . . . Explosions 492 | . 492 . Melee . | . . . Ramming . | . . . Kinetic 984 | . 732 252 Thermal . | . . . Explosive 492 | . 492 . Electromagnetic . | . . . Impact . | . . . Slashing . | . . . Piercing . | . . . Highest Corruption . | . . . Average Corruption . | . . . Corruption Purged . | . . . Corruption Blocked . | . . . Overload Shots . | . . . Overflow Damage 1 | . 1 . Projectiles . | . . . Explosions 1 | . 1 . Melee . | . . . Knockbacks . | . . . Impact . | . . . Kinetic . | . . . Secondary . | . . . Self-Inflicted Damage 16 | . 16 . Shots 1 | . 1 . Rammed . | . . . Targets Rammed . | . . . Kicked . | . . . Crushed . | . . . Highest Temperature 27 | . 8 27 Average Temperature 5 | . 2 9 Received Heat Transfer 306 | . 207 99 Siege Activations . | . . . Robots Corrupted . | . . . Combat Hostiles . | . . . Parts Fried . | . . . Impact Corruptions . | . . . Robots Melted . | . . . Combat Hostiles . | . . . Parts Melted . | . . . Heat Transferred . | . . . Parts Sabotaged . | . . . Parts Stolen . | . . . Parts Stripped . | . . . Power Chain Reactions . | . . . Alert | -11 -10 -10 ------- Run | Yrd Mat Min Peak Influence 210 | . 210 169 Initial 54 | . . 54 Average 85 | . 91 83 Maximum Alert Level 1 | . 1 . Low Security (%) 98 | 100 98 100 Level 1 1 | . 1 . Level 2 . | . . . Level 3 . | . . . Level 4 . | . . . Level 5 . | . . . High Security . | . . . Max Security . | . . . Squads Dispatched 3 | . 3 . Investigation 1 | . 1 . Extermination . | . . . Reinforcement 2 | . 2 . Assault . | . . . Garrison . | . . . Intercept . | . . . Searches Triggered . | . . . Construction Impeded . | . . . Haulers Reinforced . | . . . Active Scanning Responses . | . . . Cargo Convoy Interrupts . | . . . Stealth | -11 -10 -10 --------- Run | Yrd Mat Min Distress Signals 1 | . 1 . Communications Jammed . | . . . Distress Signals . | . . . Times Spotted 32 | . 23 9 Peak Tracking Total 3 | . 3 3 Tactical Retreats 4 | . 2 2 Traps | -11 -10 -10 ------- Run | Yrd Mat Min Traps Triggered 1 | . 1 . Indirectly . | . . . Trap Hack Attempts . | . . . Triggered . | . . . Disarmed . | . . . Reprogrammed . | . . . Reused . | . . . Traps Extracted . | . . . Installed . | . . . Triggered . | . . . Machines | -11 -10 -10 ---------- Run | Yrd Mat Min Machines Disabled . | . . . Max in Single Turn . | . . . Machines Repaired . | . . . Machines Dismantled . | . . . Machines Sabotaged . | . . . Overloaded Fab Kills . | . . . Hacking | -11 -10 -10 --------- Run | Yrd Mat Min Machines Accessed 5 | . 5 . Terminals 4 | . 4 . Fabricators . | . . . Repair Stations . | . . . Recycling Units 1 | . 1 . Scanalyzers . | . . . Garrison Access . | . . . Total Hacks 11 | . 11 . Successful 4 | . 4 . Failed 7 | . 7 . Catastrophic 1 | . 1 . Database Lockouts . | . . . Manual . | . . . Terminals 10 | . 10 . Fabricators . | . . . Repair Stations . | . . . Recycling Units 1 | . 1 . Scanalyzers . | . . . Garrison Access . | . . . Terminal Hacks 4 | . 4 . Prototype ID Bank 1 | . 1 . Branch Access Points 1 | . 1 . Locate Traps 1 | . 1 . Zone Layout 1 | . 1 . Fabricator Hacks . | . . . Repair Station Hacks . | . . . Recycling Unit Hacks . | . . . Scanalyzer . | . . . Garrison Access Hacks . | . . . Unauthorized Hacks . | . . . Terminals . | . . . Fabricators . | . . . Repair Stations . | . . . Recycling Units . | . . . Scanalyzers . | . . . Garrison Access . | . . . Data Cores Recovered . | . . . Used . | . . . Hacking Detections 5 | . 5 . Full Trace Events . | . . . Feedback Events . | . . . Feedback Blocked . | . . . Robot Schematics Acquired . | . . . Robots Built . | . . . Authchips . | . . . Time . | . . . Total Robot Build Rating . | . . . Part Schematics Acquired . | . . . Parts Built . | . . . Authchips . | . . . Time . | . . . Total Part Build Rating . | . . . Parts Repaired . | . . . Time . | . . . Parts Recycled . | . . . Recycled Matter . | . . . Retrieved Matter . | . . . Retrieved Components . | . . . Parts Scanalyzed . | . . . Part Schematics Acquired . | . . . Parts Damaged . | . . . Bothacking | -11 -10 -10 ------------ Run | Yrd Mat Min Used RIF Installer . | . . . Robots Hacked . | . . . Non-combat . | . . . Combat . | . . . Robot Hacks Applied . | . . . Relay Couplers Released . | . . . Fabnet Peak Effective % . | . . . Robots Rewired . | . . . Allies Hacked . | . . . Hacks Repelled . | . . . Allies | -11 -10 -10 -------- Run | Yrd Mat Min Total Allies . | . . . Largest Group . | . . . Highest-Rated Group . | . . . Highest-Rated Ally . | . . . Total Orders . | . . . Ally Attacks . | . . . Total Damage . | . . . Kills . | . . . Allies Corrupted . | . . . Allies Melted . | . . . Intel | -11 -10 -10 ------- Run | Yrd Mat Min Robot Analysis Total . | . . . Derelict Logs Recovered 1 | . . 1 Drone Launches . | . . . Drone Recoveries . | . . . Exploration | -11 -10 -10 ------------- Run | Yrd Mat Min Turns Passed 2127 | 86 1523 518 Spaces Moved 876 | 55 588 233 Core 162 | 11 . 151 Treads 714 | 44 588 82 Legs . | . . . Wheels . | . . . Hover . | . . . Flight . | . . . Fastest Speed 50 | 50 160 150 Average Speed 213 | 138 229 189 Slowest Speed 320 | 160 320 320 Overloaded Moves . | . . . Propulsion Burnouts . | . . . Robots Hopped . | . . . Cave-ins Triggered . | . . . Exploration Rate (%) 51 | 3 92 60 Regions Visited 2 Branch Regions 1 Pre-discovered Areas 1 | . . 1 Known Exits Taken 1 | . 1 . Unknown Exits Taken 1 | 1 . . Scrap Searched . | . . . Spaces Dug . | . . . Terrain Destroyed 53 | . 53 . Melee . | . . . Projectile . | . . . AOE 53 | . 53 . Terrain Rammed . | . . . Walls Destroyed . | . . . Machines Disabled . | . . . Actions | -11 -10 -10 --------- Run | Yrd Mat Min Total 1001 | 62 662 277 Wait 14 | . 3 11 Move 874 | 54 587 233 Hop . | . . . Pick Up 10 | 2 4 4 Fast Attach 12 | 6 6 . Attach 4 | . 1 3 Detach 2 | . 2 . Swap 6 | . 3 3 Drop 6 | . 3 3 Fire 73 | . 53 20 Melee . | . . . Ram . | . . . Kick . | . . . Crush . | . . . Escape Stasis . | . . . Rewire . | . . . Trap . | . . . Miscellaneous . | . . . Route ------- -11/Scrapyard -10/Materials (discovered 5 exits: [*Mat x3] / *Min x2) -10/Mines (discovered 1 exit: [*Mat]) History --------- Turn | Location | Event 2 | -11/Scrapyard | Met Revision 17 6 | -11/Scrapyard | Discovered new exit (range 16) 87 | -11/Scrapyard | Entered Materials 311 | -10/Materials | Build established: Mutant 327 | -10/Materials | Discovered new exit (range 7) 387 | -10/Materials | Identified exit to Mines 558 | -10/Materials | Discovered new exit (range 7) 587 | -10/Materials | Derelicts attacked the area 1174 | -10/Materials | Discovered new exit (range 9) 1395 | -10/Materials | Discovered new exit (range 14) 1610 | -10/Materials | Entered Mines 1633 | -10/Mines | A weapon hastily lodged in a ceiling crevice suddenly fell to the ground 1646 | -10/Mines | Learned location of Zion (-6) 1766 | -10/Mines | Core integrity fell below 50% 1913 | -10/Mines | Discovered new exit (range 9) 2085 | -10/Mines | Core integrity fell below 20% 2128 | -10/Mines | Destroyed by Y-45 Defender with Heavy Assault Rifle Last Messages --------------- 01858_ S-10 Pest destroyed. 01864_ Acquired 17 matter. 01865_ Acquired 10 matter. 01868_ Acquired Lgt. Assault Rifle. 01872_ Dropped Lgt. Assault Rifle. 01877_ Dropped Assault Rifle. 01878_ Acquired 17 matter. 01913_ EXIT=FOUND 01972_ K-01 Serf destroyed. 01975_ Acquired 9 matter. 01998_ Acquired 6 matter. 02045_ A derelict is hurriedly installing traps. 02047_ CG-MF6(g): "Hehe, this'll put a wrench in their mining defense operations..." 02047_ CG-MF6(g) slips into the shadows. 02101_ Lgt. Assault Rifle destroyed. 02101_ Critical hit (Burn: +37). 02107_ Y-45 Defender destroyed. 02109_ Acquired 16 matter. 02114_ Acquired 10 matter. Map ----- +----------------------------------------------------+ | ##????## ????#%#???# #??????????? | | ##????## ???# #???## ##??????????? | | #?##### #### #????## ##???????????? | | # ## #?????# ##????????????? | | ## #?????# #?????????????? | | ### ### ## ####?????# ##????????????? | | #?####??# #### ##????????# ######???????? | | #????????###??### ### ??????????## ##??????? | | ####????????????#???# ???????????## #??????? | | % ##########???????# ????????????## ##?????? | | % #???????#??????????????## ##????? | | # #???????????????????????## #????? | | #### ## ?????????????????# #????? | | ???## ##????#####??????????????????## ##????? | | ????## #???????????????????????????## #?????? | | ?????# #?????????????????????####### ##?????? | | ?????# #????????????????????## ##??????? | | ?????# #????????????????????# #???????? | | ?????# #????????????????????# ## ^ ##??????? | | ?????# #????????????????????## ^ # ### | | ###### #??????????????????#### # ^ | | #######????????###?# # # Y | | # #???????##" ## # | | ############ #???????#"" # ########### # | | ???????????# #???????#]| / ##???????# ## | | ???????????# #???????#|! @/ # ##??????? #? | | ???????????# #???????#"" # # #???????? ##? | | ???????????# #???????##" ## #???????? ##?? | | ???????????# #????????###?### ##?????????##??? | | ???????????# #??????????????##!!###??????????????? | | ???????????# #################%##????????????????? | | ???????????# ## #?????????????????? | | ???????????##### ## ########## #???????????????? | | ??????????????## ## #????????### #???????????????? | | ??????????????# ## #??######??? #???????????????? | | ??????????????# ##?# #????#???????????????? | | ??????????????## #?# #????????????????????? | | ???????????????# #?# #????????????????????? | | ???????????????# ### #????????????????????? | | ???????????????# #????????????????????? | | ???????????????## ### #????????????????????? | | ????????????????## ##?######????????????????????? | | ?????????????????####????????????????????????????? | | ?????????????????????????????????????????????????? | | ?????????????????????????????????????????????????? | | ?????????????????????????????????????????????????? | | ?????????????????????????????????????????????????? | | ?????????????????????????????????????????????????? | | ?????????????????????????????????????????????????? | | ?????????????????????????????????????????????????? | +----------------------------------------------------+ Best States ------------- Heat Dissipation 25 Energy Generation 10 Energy Capacity 250 Matter Stores 300 Matter Capacity 300 Sight Range 16 Terrain Scan Density 10 Armor Coverage 150 Evasion (%) 40 Targeting Accuracy 5 Recoil Reduction 2 Item Schematics ----------------- None Robot Schematics ------------------ None Fabricated ------------ Nothing Alien Tech Used ----------------- None Achievements -------------- None Challenges ------------ None Game ------ Seed EnhancedPowerDeconstructor Manual? 0 Play Time 00:14:58 Cumulative 1139.7 hours Start 2024.08.09 @ 10:38:45 End 2024.08.09 @ 10:57:47 Sessions 1 Manual Loads 0 Difficulty Rogue Special Mode None Game No. 756 Rogue 714 Adventurer 6 Explorer 36 Win Type - Total 20 Types 11/1/4/4/0/0/0/0/0 Lore% 53 Gallery% 82 Achievement% 81 Wizard Run 0 Options --------- Layout 0 ASCII 0 Keyboard 0 Movement Mouse Keybinds 0 Fullscreen 1 Font 24/Smallcaps Map View 76x50 Zoom Use 0% Tactical HUD 1 Map Filters NONE Filters NONE Steam 1 RUN: 9e8019c6-c8f7-4db2-b844-819d082707dd